 Dungeon Crawl Stone Soup version 0.29-a0-1016-g236c7fd91e (webtiles) character file.

Game seed: 4084068814964559377

4 Manisian the Caller (level 1, 0/10 HPs)
             Began as a Deep Elf Summoner on Aug 9, 2022.
             Slain by a goblin
             ... wielding a +0 club
              (3 damage)
             ... on level 1 of the Dungeon.
             The game lasted 00:00:13 (254 turns).

Manisian the Caller (Deep Elf Summoner)              Turns: 254, Time: 00:00:14

Health: 0/10       AC:  2    Str:  5    XL:     1   Next: 50%
Magic:  2/6        EV: 12    Int: 19    God:
Gold:   0          SH:  0    Dex: 15    Spells: 5/6 levels left

rFire   . . .      SeeInvis .   (no weapon)
rCold   . . .      Faith    .   (no shield)
rNeg    . . .      Spirit   .   a - +0 robe
rPois   .          Reflect  .   (no helmet)
rElec   .          Harm     .   (no cloak)
rCorr   .          Rampage  .   (no gloves)
Will    .....                   (no boots)
Stlth   ++........              (no amulet)
HPRegen 0.03/turn               (no ring)
MPRegen 0.10/turn               (no ring)

@: no status effects
A: no striking features
a: no special abilities


You were on level 1 of the Dungeon.
You visited 1 branch of the dungeon, and saw 1 of its levels.

Inventory:

Armour
 a - a +0 robe (worn)
Potions
 b - a potion of magic


   Skills:
 + Level 2.4 Dodging
 + Level 2.4 Stealth
 + Level 3.2 Spellcasting
 + Level 4.5 Summonings


You had 5 spell levels left.
You knew the following spells:

 Your Spells              Type           Power      Damage    Failure   Level
a - Summon Small Mammal   Summ           80%        N/A       2%          1

Your spell library contained the following spells:

 Spells                   Type           Power      Damage    Failure   Level
 Call Imp                 Summ           20%        N/A       3%          2
 Call Canine Familiar     Summ           20%        N/A       7%          3
 Summon Guardian Golem    Hex/Summ       11%        N/A       19%         3
 Summon Lightning Spire   Summ/Air       11%        N/A       52%         4


Dungeon Overview and Level Annotations

Branches:
Dungeon (1/15)

Altars:


Message History

Casting: Summon Small Mammal (safe; 2% risk of failure)
Confirm with . or Enter, or press ? or * to list all spells.
Your bat closely misses the kobold.
Your bat hits the kobold.
Your bat barely misses the kobold.
Your bat misses the kobold.
Your bat barely misses the kobold.
The kobold hits your bat but does no damage.
Your bat closely misses the kobold.
Your bat barely misses the kobold.
Your bat closely misses the kobold. x2; The kobold closely misses your bat.
Your bat hits the kobold.
Your bat completely misses the kobold.
Your bat barely misses the kobold.
The goblin hits your bat with a +0 club.
Your bat dies!
Your bat's corpse disappears in a puff of smoke!
Your bat closely misses the kobold.
The kobold barely misses you.
Your bat hits the kobold but does no damage.
The goblin hits you with a +0 club. The kobold barely misses you.
Casting: Summon Small Mammal (safe; 2% risk of failure)
Confirm with . or Enter, or press ? or * to list all spells.
Your bat closely misses the kobold.
Your bat misses the kobold. The goblin hits you with a +0 club.
The kobold hits you with a +0 dagger.
Your bat barely misses the kobold.
Your rat barely misses the kobold.
Casting: Summon Small Mammal (safe; 2% risk of failure)
Confirm with . or Enter, or press ? or * to list all spells.
Your rat disappears in a puff of smoke!
Your bat barely misses the kobold.
The goblin closely misses you. The kobold hits you but does no damage.
Your bat closely misses the kobold.
Your bat hits the kobold.
The kobold dies!
Casting: Summon Small Mammal (safe; 2% risk of failure)
Confirm with . or Enter, or press ? or * to list all spells.
Your rat disappears in a puff of smoke!
Your bat hits the goblin.
Your bat closely misses the goblin.
The goblin hits you with a +0 club.
* * * LOW HITPOINT WARNING * * *
The goblin attacks as you move away! The goblin barely misses you.
Your rat closely misses the goblin.
You closely miss the goblin.
The goblin is moderately wounded.
Your bat barely misses the goblin.
The goblin hits you with a +0 club.
You die...

#.###### #.# # #≈≈≈#.#
.......### #.# #8≈8#.#
#.##.....# #.# # #≈≈≈#.#
#.##.###.###### #.# #.#8~8#.#
#.#..# #......#
#.#####.....##
..#..###.####.##
#....####.###
#.........##...####.##......#
..#..#.##.#.........#########
..##.#r##.......@####
#.###...†.......g# ###
#..........rb# ####.##....§.#
#.###..§)†# ...........#
#.##.#....[ .....#.##....
....... ......


You could see a goblin (ally target), a friendly bat (summoned) and a friendly
rat (summoned).

Vanquished Creatures (collateral kills)
  A giant cockroach (D:1)
  A quokka (D:1)
  A frilled lizard (D:1)
  A kobold (D:1)
4 creatures vanquished.

Notes
Turn   | Place    | Note
-------+----------+-------------------------------------------
     0 | D:1      | Manisian the Deep Elf Summoner began the quest for the Orb.
     0 | D:1      | Reached XP level 1. HP: 10/10 MP: 6/6
   254 | D:1      | Slain by a goblin

Illustrated notes

Levels and vault maps discovered:
D:1:      lightli_arrival_statue_moat, layout_loops_ring,
          chequers_serial_rivers_large_b

Action                   || total
-------------------------++-------
Melee: Unarmed           ||     1
 Cast: Summon Small Mamm ||    10
Armor: Robe              ||     1
Dodge: Dodged            ||     4

Table legend: (Time is in decaauts)
 A = Elapsed time spent in this place.
 B = Non-inter-level travel time spent in this place.
 C = Inter-level travel time spent in this place.
 D = Time resting spent in this place.
 E = Time spent auto-exploring this place.
 F = Levels seen in this place.
 G = Mean time per level.
                   A        B        C        D        E       F      G
               +--------+--------+--------+--------+--------+-----+--------+
         Total |    254 |    254 |      0 |      0 |    210 |   1 |  254.0 |
       Dungeon |    254 |    254 |      0 |      0 |    210 |   1 |  254.0 |
               +--------+--------+--------+--------+--------+-----+--------+

Top non-repeatable levels by time:
     D:1: 254 daAuts
